 Dungeon Crawl Stone Soup version 0.29.1-12-g30fa7ad0bf (webtiles) character file.

Game seed: 12005930637101347315

30 hawla the Firebug (level 3, -1/26 HPs)
             Began as a Meteoran Fire Elementalist on Jan 9, 2023.
             Slain by an adder (3 damage)
             ... on level 2 of the Dungeon.
             The game lasted 00:01:52 (202 turns).

hawla the Firebug (Meteoran Fire Elementalist)       Turns: 202, Time: 00:01:53

Health: -1/26      AC:  2    Str: 10    XL:     3   Next: 55%
Magic:  7/8        EV: 12    Int: 18    God:
Gold:   15         SH:  0    Dex: 14    Spells: 7/8 levels left

rFire   . . .      SeeInvis .   (no weapon)
rCold   . . .      Faith    .   (no shield)
rNeg    . . .      Spirit   .   a - +0 robe
rPois   .          Reflect  .   (no helmet)
rElec   .          Harm     .   (no cloak)
rCorr   .          Rampage  .   (no gloves)
Will    .....                   (no boots)
Stlth   +.........              (no amulet)
HPRegen 0.08/turn               (no ring)
MPRegen 0.11/turn               (no ring)

@: lethally poisoned (-1 -> -9), glowing
A: sense surroundings 1, otherworldly, glowing, explore regen
a: no special abilities


You were on level 2 of the Dungeon.
You visited 1 branch of the dungeon, and saw 3 of its levels.

You collected 15 gold pieces.

Inventory:

Armour
 a - a +0 robe (worn)
Scrolls
 c - a scroll of butterflies
Potions
 b - a potion of magic
 d - a potion of lignification {unknown}


   Skills:
 + Level 2.7 Dodging
 - Level 1.4 Stealth
 + Level 3.4 Spellcasting
 + Level 1.6 Conjurations
 + Level 4.3 Fire Magic


You had 7 spell levels left.
You knew the following spells:

 Your Spells              Type           Power      Damage    Failure   Level
a - Foxfire               Conj/Fire      52%        2x1d6     4%          1

Your spell library contained the following spells:

 Spells                   Type           Power      Damage    Failure   Level
 Scorch                   Fire           36%        2d6       4%          2
 Conjure Flame            Conj/Fire      13%        6-21      14%         3
 Sandblast                Erth           6%         2d5       16%         1
 Inner Flame              Hex/Fire       10%        N/A       19%         3
 Passwall                 Tmut/Erth      2%         N/A       24%         2
 Stone Arrow              Conj/Erth      10%        3d7       34%         3
 Flame Wave               Conj/Fire      13%        2d6       43%         4


Dungeon Overview and Level Annotations

Branches:
Dungeon (3/15) Zot: 1613

Altars:


Innate Abilities, Weirdness & Mutations

You passively map a small area around you.
You are easily found by Zot.
You glow in the dark.
You regain HP and MP as you explore.


Message History

There is a stone staircase leading down here.
You climb downwards.
The ball python hisses angrily.
The centaur shouts!
The frilled lizard hisses angrily.
The adder hisses angrily.
Found a dagger and a scroll labelled OQINUY AMERUG.
There is a stone staircase leading up here.
There are monsters nearby!
Unknown command.
The adder closely misses you. The frilled lizard bites you.
You climb upwards.
There is a stone staircase leading down here.
Casting: Foxfire (safe; 4% risk of failure)
Confirm with . or Enter, or press ? or * to list all spells.
You conjure some foxfire!
The adder bites you.
You are poisoned.
The adder poisons you! The frilled lizard barely misses you.
Your foxfire dissipates!
You feel sick. The adder bites you.
You feel sick.
The adder bites you but does no damage. x2
The frilled lizard attacks as you move away!
The frilled lizard completely misses you.
You feel sick. The adder attacks as you move away! The adder bites you.
You are more poisoned.
The adder poisons you!
You feel sick. The adder attacks as you move away! The adder bites you.
You feel sick. The adder bites you.
You feel sick. The adder bites you. The adder attacks as you move away!
The adder bites you.
* * * LOW HITPOINT WARNING * * *
You are lethally poisoned!
The adder poisons you!
* * * LOW HITPOINT WARNING * * *
You feel sick.
Casting: Foxfire (safe; 4% risk of failure)
Confirm with . or Enter, or press ? or * to list all spells.
You conjure some foxfire!
* * * LOW HITPOINT WARNING * * *
You feel sick. The adder bites you.
You die...

.....# .#.
########
#.###.# .#####
*, #......#
##...## .#
#.####.# ##.##
.# #.###>#....#
#.# .#
#.....####.#
#.# ##
#####.#.(#.#
#.#
#.#)(#.######.#
#l#v##........#
#.S@###########
* * ##### * , ,
* , , * ,


You could see an adder (ally target) and a frilled lizard.

Vanquished Creatures
  Terence (D:2)
  An endoplasm (D:1)
  3 kobolds
  A rat (D:2)
6 creatures vanquished.

Vanquished Creatures (others)
  31 foxfires
31 creatures vanquished.

Grand Total: 37 creatures vanquished

Notes
Turn   | Place    | Note
-------+----------+-------------------------------------------
     0 | D:1      | hawla the Meteoran Fire Elementalist began the quest for
                  | the Orb.
     0 | D:1      | Reached XP level 1. HP: 14/14 MP: 5/5
    51 | D:2      | Noticed Terence
   109 | D:2      | Killed Terence
   110 | D:2      | Reached skill level 4 in Fire Magic
   110 | D:2      | Reached XP level 2. HP: 18/20 MP: 0/7
   110 | D:2      | Reached XP level 3. HP: 23/26 MP: 0/8
   191 | D:3      | Noticed a centaur
   202 | D:2      | Slain by an adder

Illustrated notes

Levels and vault maps discovered:
D:1:      scummos_arrival_star, layout_loops_corners,
          hellmonk_ecumenical_altar_lost_god
D:2:      kennysheep_big_flooded_room, layout_loops_cross,
          corexii_leaking_fountain, supply_closet_lemuel, serial_bayou_lagoon_b,
          uniq_natasha, uniq_terence
D:3:      layout_rooms, tgw_trog, grunt_ministairs_2, chequers_jeans,
          dk_noncrumbling_2, minmay_misc_feat_pillars

Skill      XL: |  1 |
---------------+----+-----
Spellcasting   | 3 |  3.4
Fire Magic     | 4 |  4.3
Dodging        | |  2.7
Stealth        | |  1.4
Conjurations   | |  1.6

Action                   || total
-------------------------++-------
Melee: Unarmed           ||     2
 Cast: Foxfire           ||    21
  Use: Scroll            ||     1
       Potion            ||     1
Armor: Robe              ||     4
Dodge: Dodged            ||     4
